 Dungeon Crawl Stone Soup version 0.31-a0-640-g39d97e502b (webtiles) character file.

Game seed: 475200547491315286

586 qw the Shooter (level 7, -19/43 HPs)
             Began as a Gargoyle Hunter on Aug 27, 2023.
             Demolished by an ogre
             ... wielding a +0 giant spiked club
              (30 damage)
             ... on level 4 of the Dungeon.
             The game lasted 00:01:12 (2265 turns).

qw the Shooter (Gargoyle Hunter)                    Turns: 2265, Time: 00:01:12

Health: -19/43     AC: 13    Str: 13 (15) XL:     7   Next: 37%
Magic:  7/7        EV: 10    Int:  8 (9)  God:
Gold:   227        SH:  0    Dex: 14 (15) Spells: 6/6 levels left

rFire   . . .        Y - +0 shortbow
rCold   . . .        (shield currently unavailable)
rNeg    + + .        d - +0 ring mail
rPois   inf          b - +2 helmet
rElec   +            (no cloak)
rCorr   .            (no gloves)
SInv    .            (no boots)
Will    .....        (no amulet)
Stlth   +            h - ring of positive energy
HPRegen 0.27/turn    (no ring)
MPRegen 0.10/turn

%: no passive effects
@: no status effects
A: sickness immunity, AC +4, negative energy resistance 1, electricity
resistance, torment resistance 1, petrification resistance
a: no special abilities


You were on level 4 of the Dungeon.
You visited 1 branch of the dungeon, and saw 5 of its levels.

You collected 227 gold pieces.


Innate Abilities, Weirdness & Mutations

You are immune to sickness and miasma.
Your stone body is resilient. (AC +4)
You are immune to poison.
You resist negative energy. (rN+)
You are resistant to electric shocks. (rElec)
You are resistant to unholy torment.
You are immune to petrification.


   Skills:
 - Level 4.1 Fighting
 + Level 7.9 Ranged Weapons
 - Level 1.2 Armour
 - Level 1.5 Dodging
 - Level 1.1 Stealth


You had 6 spell levels left.
You didn't know any spells.
Your spell library was empty.

Inventory:

Hand Weapons
 Y - a +0 shortbow (weapon)
Armour
 b - a +2 helmet (worn)
 d - a +0 ring mail (worn)
Jewellery
 a - a ring of positive energy
 h - a ring of positive energy (left hand)
Scrolls
 i - a scroll of fear {unknown}
Potions
 c - a potion of brilliance {unknown}
 e - a potion of lignification {unknown}
 f - a potion of curing {unknown}
 g - 2 potions of resistance {unknown}

Dungeon Overview and Level Annotations

Branches:
Dungeon (5/15)
 Temple: D:4-7

Altars:


Message History

You kill the ball python!
You now have 227 gold pieces (gained 17).
You hear the rapid rusting of a distant drain.
An ogre comes into view. It is wielding a +0 giant spiked club.
You shoot an arrow. The ogre shouts!
The arrow hits the ogre but does no damage.
You shoot an arrow. The arrow closely misses the ogre.
An ogre comes into view. It is wielding a +0 giant spiked club.
You see here 9 gold pieces.
You shoot an arrow. The ogre shouts!
The arrow hits the ogre.
The ogre is moderately wounded.
You shoot an arrow.
The arrow hits the ogre but does no damage.
The ogre is moderately wounded.
The ogre barely misses you.
You shoot an arrow. The arrow barely misses the ogre.
The arrow hits the ogre!
The ogre is moderately wounded.
You shoot an arrow.
The arrow hits the ogre but does no damage.
The ogre is moderately wounded.
The ogre hits you but does no damage.
You shoot an arrow. The arrow barely misses the ogre.
The arrow hits the ogre.
The ogre is moderately wounded.
The ogre hits you with a +0 giant spiked club!!
You shoot an arrow. The arrow hits the ogre.
The ogre is moderately wounded.
You shoot an arrow. The arrow hits the ogre.
The ogre is heavily wounded.
The ogre misses you.
You shoot an arrow. The arrow hits the ogre.
The ogre is severely wounded.
The ogre hits you with a +0 giant spiked club!
You shoot an arrow. The arrow hits the ogre!
The ogre is almost dead.
The ogre hits you with a +0 giant spiked club!!
Ouch! That really hurt!
You die...

... ... #.# #.#
#.. #.#
####O#####
#...@O...#
#.##.###.# %##.#
#.# ....###.#
..).....# #####
.....##.# ##...##
#......#.#
##.###.#
#.......>#####.##
##.
#.#........<..#
#.


You could see 2 ogres.

Vanquished Creatures
  Sigmund (D:2)
  A black bear (D:4)
  A scorpion (D:3)
  A hound (D:4)
  An orc priest (D:4)
  An orc wizard (D:4)
  An iguana (D:4)
  Robin (D:3)
  4 gnolls (D:2)
  3 adders
  2 worms
  3 dart slugs
  4 orcs
  5 ball pythons
  7 endoplasms
  3 giant cockroaches
  12 goblins
  8 hobgoblins
  4 jackals (D:3)
  2 quokkas
  5 bats
  8 frilled lizards
  9 kobolds
  4 rats
91 creatures vanquished.

Notes
Turn   | Place    | Note
-------+----------+-------------------------------------------
     0 | D:1      | qw the Gargoyle Hunter began the quest for the Orb.
     0 | D:1      | Reached XP level 1. HP: 12/12 MP: 1/1
     0 | D:1      | 0 ||| qw: Version: 0.3-a-74-g0d5e918
     0 | D:1      | 0 ||| qw: Game counter: 168
     0 | D:1      | 0 ||| qw: Melee chars always use a shield: true
     0 | D:1      | 0 ||| qw: God list: Okawaru
     0 | D:1      | 0 ||| qw: Allow faded altars: false
     0 | D:1      | 0 ||| qw: Do Orc after clearing Dungeon:15 true
     0 | D:1      | 0 ||| qw: Do second Lair branch before Depths: true
     0 | D:1      | 0 ||| qw: Lair rune preference: random
     0 | D:1      | 0 ||| qw: Goals: Normal
     0 | D:1      | 0 ||| PLANNING D:1-11
    68 | D:1      | Reached XP level 2. HP: 17/17 MP: 2/2
   509 | D:1      | Reached XP level 3. HP: 21/21 MP: 3/3
   561 | D:1      | Reached skill level 5 in Ranged Weapons
   647 | D:1      | 647 ||| UPGRADING to +0 ring mail.
   657 | D:1      | 657 ||| DROPPING +0 leather armour.
   658 | D:1      | 658 ||| DROPPING scroll of butterflies.
   675 | D:2      | 675 ||| RETREATING.
   678 | D:2      | 678 ||| Stepping ~*~*~tactically~*~*~ (outnumbered).
   683 | D:2      | Reached skill level 1 in Armour
   687 | D:2      | Reached XP level 4. HP: 26/27 MP: 4/4
   698 | D:2      | Reached skill level 3 in Fighting
  1092 | D:2      | Found a faded altar of an unknown god.
  1164 | D:2      | Noticed Sigmund
  1172 | D:2      | Killed Sigmund
  1173 | D:2      | Reached skill level 6 in Ranged Weapons
  1173 | D:2      | Reached XP level 5. HP: 21/32 MP: 5/5
  1173 | D:2      | Reached XP level 6. HP: 24/37 MP: 6/6
  1322 | D:2      | 1322 ||| UPGRADING to ring of positive energy.
  1323 | D:2      | 1323 ||| READING 3 scrolls labelled XEFOOXK IXABE.
  1324 | D:2      | 1324 ||| READING scroll labelled ITWAIM MILEG.
  1325 | D:2      | 1325 ||| DROPPING 2 scrolls of noise.
  1374 | D:3      | 1374 ||| Stepping ~*~*~tactically~*~*~ (water).
  1378 | D:3      | 1378 ||| Stepping ~*~*~tactically~*~*~ (water).
  1379 | D:3      | Noticed Robin
  1386 | D:3      | Killed Robin
  1389 | D:3      | 1389 ||| Stepping ~*~*~tactically~*~*~ (water).
  1669 | D:3      | You fall into a shaft and drop 2 floors!
  1669 | D:5      | Entered Level 5 of the Dungeon
  1670 | D:5      | 1670 ||| UPGRADING to +2 helmet.
  1675 | D:5      | 1675 ||| DRINKING 2 murky green potions.
  1676 | D:5      | 1676 ||| DROPPING potion of degeneration.
  1679 | D:5      | Noticed a black bear
  1680 | D:5      | 1680 ||| FLEEEEING.
  1681 | D:5      | 1681 ||| STAIRDANCE
  1683 | D:4      | 1683 ||| PLANNING SEWER
  1714 | D:4      | Reached skill level 7 in Ranged Weapons
  1723 | D:4      | Noticed a black bear
  1735 | D:4      | Killed a black bear
  1736 | D:4      | Reached XP level 7. HP: 29/43 MP: 7/7
  2034 | D:4      | 2034 ||| Stepping ~*~*~tactically~*~*~ (outnumbered).
  2265 | D:4      | Demolished by an ogre

Levels and vault maps discovered:
D:1:      nicolae_arrival_washed_ashore, layout_loops_cross
D:2:      layout_rooms, shapermc_ecumenical_altar_mp_vishouse, uniq_sigmund
D:3:      layout_loops_ring, serial_shops, nicolae_shop_tiny_waterfront,
          guppyfry_early_lair_pool, uniq_robin
D:4:      layout_loops_corners, lightli_sewer_entry_pipes
D:5:      layout_cave_pools, mainiacjoe_overflow_24_doors,
          minmay_temple_entry_gardened_gates

Skill      XL: |  1  2  3  4  5  6 |
---------------+-------------------+-----
Ranged Weapons | 5 6 7 |  7.9
Armour         | 1 |  1.2
Fighting       | 3 4 |  4.1
Dodging        | |  1.5
Stealth        | |  1.1

Action                     |  1- 3 |  4- 6 |  7- 9 || total
---------------------------+-------+-------+-------++-------
   Fire: Shortbow          |    74 |   192 |    74 ||   340
    Use: Scroll            |       |     2 |       ||     2
         Potion            |       |     1 |       ||     1
 Armour: Ring mail         |       |    56 |    32 ||    88
  Dodge: Dodged            |    16 |    74 |    24 ||   114

Table legend:
 A = Non-vault XP
 B = Vault XP
 C = Vault XP percentage of total XP
 D = Non-vault monster count
 E = Vault monster count
 F = Vault count percentage of total count
                 A         B        C        D         E       F
            +---------+---------+-------+---------+---------+-------
      Total |     591 |     247 |  29.5 |      79 |      12 |  13.2
            +---------+---------+-------+---------+---------+-------
        D:1 |      39 |       0 |   0.0 |      23 |       0 |   0.0
        D:2 |     123 |     214 |  63.5 |      29 |       1 |   3.3
        D:3 |     117 |      33 |  22.0 |      12 |      11 |  47.8
        D:4 |     312 |       0 |   0.0 |      15 |       0 |   0.0
            +---------+---------+-------+---------+---------+-------
